 Dungeon Crawl Stone Soup version 0.30.1-11-g7821555f0a (webtiles) character file.

Game seed: 2767359303104821132

319 sorakito the Trooper (level 6, 0/57 HPs)
             Began as a Minotaur Berserker on Jan 4, 2024.
             Was a Priest of Trog.
             Killed by divine providence
             ... invoked by an orc priest
              (12 damage)
             ... on level 4 of the Dungeon.
             The game lasted 00:29:58 (1551 turns).

sorakito the Trooper (Minotaur Berserker)           Turns: 1551, Time: 00:29:58

Health: 0/57       AC:  9    Str: 23    XL:     6   Next: 21%
Magic:  5/5        EV:  9    Int:  4    God:    Trog [***...]
Gold:   91         SH:  0    Dex: 10    Spells: 5/5 levels left

rFire   . . .        f - +0 flail (venom)
rCold   . . .        (no shield)
rNeg    . . .        q - +0 chain mail
rPois   .            (helmet restricted)
rElec   .            (no cloak)
rCorr   .            (no gloves)
SInv    .            (no boots)
Will    .....        (no amulet) Stlth
                     (no ring)
HPRegen 0.29/turn    (no ring)
MPRegen 0.09/turn

%: no passive effects
@: no status effects
A: horns 2, retaliatory headbutt
a: Renounce Religion, Berserk, Trog's Hand


You were on level 4 of the Dungeon.
You worshipped Trog.
Trog was most pleased with you.
You visited 1 branch of the dungeon, and saw 4 of its levels.

You collected 91 gold pieces.

Inventory:

Hand Weapons
 a - a +0 mace
 f - a +0 flail of venom (weapon)
 i - a +0 dagger
 j - a +0 club
 n - a +1 dagger of electrocution
 o - a +0 whip
 s - the +1 long sword "Newt's Death Toll" {flame, rN+ SInv}
   (You found it on level 2 of the Dungeon)

   rN:        It protects you from negative energy.
   SInv:      It lets you see invisible.
 v - a +0 spear
 x - a +0 spear
Missiles
 h - 4 large rocks
 p - a throwing net
 r - 13 stones
 w - 6 boomerangs
Armour
 b - a +0 animal skin
 d - a +0 robe
 g - a +0 troll leather armour {Pargi}
 k - a +0 leather armour
 q - a +0 chain mail (worn)
Jewellery
 y - a +6 ring of intelligence
Scrolls
 z - a scroll of poison {unknown}
 A - a scroll of vulnerability {unknown}
Potions
 c - a potion of attraction
 e - a potion of magic
 l - 2 potions of mutation
 m - a potion of brilliance {unknown}
 t - a potion of degeneration {unknown}
 u - a potion of cancellation {unknown}


   Skills:
 * Level 5.8 Fighting
 * Level 5.6 Maces & Flails
 + Level 3.7 Armour
 + Level 3.5 Dodging


You had 5 spell levels left.
You didn't know any spells.
Your spell library contained the following spells:

 Spells                   Type           Power      Damage    Failure   Level
 Gell's Gravitas          Tloc           0%         N/A       100%        3
 Teleport Other           Tloc           0%         N/A       100%        3
 Manifold Assault         Tloc           0%         N/A       100%        4
 Summon Forest            Summ/Tloc      0%         N/A       100%        5
 Summon Mana Viper        Hex/Summ       0%         N/A       100%        5
 Dispersal                Tloc           0%         N/A       100%        6
 Summon Cactus Giant      Summ           0%         N/A       100%        6
 Disjunction              Tloc           0%         N/A       100%        8


Dungeon Overview and Level Annotations

Branches:
Dungeon (4/15)
 Temple: D:4-7

Altars:
Okawaru


Innate Abilities, Weirdness & Mutations

You have a pair of horns on your head.
You reflexively headbutt those who attack you in melee.


Message History

Found an escape hatch in the ceiling.
The orc hits you but does no damage.
The orc priest hits you with a +0 hand axe.
Things that are here:
a +0 hand axe; an orc corpse You closely miss the orc priest.
You headbutt the orc priest!
The orc priest is heavily wounded.
The orc hits you but does no damage.
The orc priest hits you from afar with a +0 trident.
The orc priest hits you but does no damage.
You sock the orc priest!
You kill the orc priest!
Trog accepts your kill. The orc closely misses you.
The orc priest hits you from afar with a +0 trident.
You barely miss the orc priest. The orc hits you but does no damage.
The orc priest hits you but does no damage. x2
You completely miss the orc priest. The orc hits you but does no damage.
The orc priest hits you with a +0 club. The orc priest closely misses you.
You hit the orc priest but do no damage.
The orc priest is poisoned.
You headbutt the orc priest, but do no damage.
The orc hits you from afar with a +0 trident!
* * * LOW HITPOINT WARNING * * *
A steam dragon comes into view.
The orc priest hits you from afar with a +0 trident.
* * * LOW HITPOINT WARNING * * *
The orc priest hits you but does no damage.
The steam dragon hisses angrily.
You hit the orc priest.
The orc priest looks as sick as possible!
The orc priest is lightly wounded.
The orc closely misses you.
The orc priest hits you but does no damage.
The orc priest hits you with a +0 club.
* * * LOW HITPOINT WARNING * * *
The orc priest attacks as you move away!
The orc priest hits you but does no damage.
The orc priest mumbles some strange prayers to Beogh against you.
Beogh smites you!
You die...

#####
.....o######
#.D)o@w<#
.....o####.#
#...< #..#
.... .....
... #..#..
## #.#.....
w.##.... ###
. ..


You could see a steam dragon, a worm, 2 orc priests and an orc.

Vanquished Creatures
  Pargi (D:3)
  The ghost of waddelsworth the Conjurer, a weakling OpCj (D:3)
  A centaur zombie (D:3)
  An orc priest (D:4)
  A bullfrog skeleton (D:3)
  A centaur skeleton (D:3)
  A worm (D:2)
  3 orcs
  4 ball pythons
  7 bats
  8 endoplasms
  6 goblins
  6 hobgoblins
  4 jackals (D:3)
  6 kobolds
  2 frilled lizards
  7 rats
60 creatures vanquished.

Notes
Turn   | Place    | Note
-------+----------+-------------------------------------------
     0 | D:1      | sorakito the Minotaur Berserker began the quest for the
                  | Orb.
     0 | D:1      | Reached XP level 1. HP: 19/19 MP: 0/0
   173 | D:1      | Reached XP level 2. HP: 25/27 MP: 1/1
   602 | D:2      | Identified the +1 long sword "Newt's Death Toll" {flame,
                  | rN+ SInv}
   615 | D:2      | Reached ** piety under Trog
   616 | D:2      | Reached XP level 3. HP: 31/33 MP: 2/2
   628 | D:2      | Found an iron altar of Okawaru.
   961 | D:3      | Noticed Pargi
   974 | D:3      | Killed Pargi
   975 | D:3      | Reached skill level 5 in Fighting
   975 | D:3      | Reached XP level 4. HP: 17/42 MP: 3/3
   975 | D:3      | Reached XP level 5. HP: 20/48 MP: 4/4
  1215 | D:3      | Reached skill level 5 in Maces & Flails
  1294 | D:3      | Found a runed translucent gate.
  1294 | D:3      | Found a runed translucent gate.
  1294 | D:3      | Found a runed translucent gate.
  1295 | D:3      | Noticed waddelsworth's ghost (weakling OpCj)
  1368 | D:3      | Killed waddelsworth's ghost
  1369 | D:3      | Reached XP level 6. HP: 15/57 MP: 5/5
  1546 | D:4      | Reached *** piety under Trog
  1549 | D:4      | Noticed a steam dragon
  1551 | D:4      | Killed from afar by an orc priest

Illustrated notes

Levels and vault maps discovered:
D:1:      dpeg_arrival_leaves_temple_mockup, layout_basic,
          hangedman_feature_mirror, minmay_tetromino_t2
D:2:      layout_basic, basic_altar, supply_closet_lemuel,
          kennysheep_generic_room_9
D:3:      layout_rooms, gammafunk_ghost_necromancy,
          corexii_item_surrounded_by_moat, uniq_pargi
D:4:      layout_loops_cross, tgw_kikubaaqudgha, serial_shops,
          nicolae_shop_bloodbath_and_beyond, kennysheep_generic_room_10

Skill      XL: |  1  2  3  4  5 |
---------------+----------------+-----
Fighting       | 4 5 |  5.8
Maces & Flails | 4 5 |  5.6
Armour         | 3 |  3.7
Dodging        | 3 |  3.5

Action                     |  1- 3 |  4- 6 || total
---------------------------+-------+-------++-------
  Melee: Mace              |    37 |       ||    37
         Headbutt          |     7 |    13 ||    20
         Flail             |    36 |    53 ||    89
  Throw: Stone             |     5 |       ||     5
    Use: Scroll            |     4 |       ||     4
 Armour: Animal skin       |     8 |       ||     8
         Chain mail        |    32 |    66 ||    98
  Dodge: Dodged            |    44 |    36 ||    80
